 Dungeon Crawl Stone Soup version 0.23.2-1-ga50397a6bc (webtiles) character file.

Game seed: 7991101627105416362

941 Ashenai the Insei (level 7, -6/56 HPs)
             Began as a Black Draconian Transmuter on May 24, 2019.
             Killed from afar by drh69's ghost (9 damage)
             ... with a blast of sand
             ... on level 4 of the Dungeon.
             The game lasted 00:46:07 (3560 turns).

Ashenai the Insei (Black Draconian Transmuter)      Turns: 3560, Time: 00:46:08

Health: -6/56      AC:  2    Str: 12    XL:     7   Next: 88%
Magic:  3/10       EV: 22    Int: 14    God:
Gold:   238        SH:  0    Dex: 18    Spells: 4/10 levels left

rFire    . . .     SeeInvis +     - Unarmed
rCold    . . .     Gourm    .   (shield currently unavailable)
rNeg     . . .     Faith    .   (armour unavailable)
rPois    x         Spirit   .   (helmet currently unavailable)
rElec    .         Reflect  .   (cloak currently unavailable)
rCorr    .         Harm     .   (gloves currently unavailable)
MR       .....                  (boots currently unavailable)
Stlth    ++........             (no amulet)
HPRegen  0.18/turn              v - ring of see invisible
MPRegen  0.12/turn              (no ring)

@: spider-form
A: tiny, (breathe lightning), unfitting armour, AC +6
a: End Transformation


You were on level 4 of the Dungeon.
You were near starving.
You were a venomous arachnid creature.
You visited 1 branch of the dungeon, and saw 4 of its levels.

You collected 238 gold pieces.

Inventory:

Hand Weapons
 f - a +1 dagger of venom
 s - a +4 whip
Missiles
 a - 48 arrows
 e - 35 poisoned needles
 o - 55 bolts
 p - 143 stones
 r - 2 tomahawks (quivered)
Armour
 b - a +2 pair of boots (melded)
Jewellery
 v - a ring of see invisible (left front leg)
Scrolls
 h - 2 scrolls of remove curse {unknown}
 l - 3 scrolls of teleportation {unknown}
 m - 3 scrolls of identify
 t - a scroll of amnesia {unknown}
 u - a scroll of enchant armour {unknown}
Potions
 d - 2 potions of invisibility {unknown}
 i - 3 potions of agility {unknown}
 j - a potion of degeneration {unknown}
 k - a potion of resistance {unknown}
 q - a potion of might {unknown}
 x - a potion of flight {unknown}
Comestibles
 c - 8 rations


   Skills:
 * Level 2.5 Fighting
 + Level 3.9 Dodging
 * Level 6.6 Unarmed Combat
 - Level 2.3 Spellcasting
 - Level 4.2 Transmutations
 - Level 2.5 Poison Magic


You had 4 spell levels left.
You knew the following spells:

 Your Spells              Type           Power        Failure   Level  Hunger
a - Beastly Appendage     Tmut           ##....       13%         1    #......
b - Sticks to Snakes      Tmut           ##......     17%         2    ###....
c - Spider Form           Tmut/Pois      ##........   36%         3    ###....

Your spell library contained the following spells:

 Spells                   Type           Power        Failure   Level  Hunger
 Ice Form                 Ice/Tmut       #.......     85%         4    #####..
 Blade Hands              Tmut           ##........   88%         5    ######.


Dungeon Overview and Level Annotations

Branches:
Dungeon (4/15)
 Temple: D:4-7

Altars:
Nemelex Xobeh

Annotations:
D:4 drh69's ghost, amateur GrEE


Innate Abilities, Weirdness & Mutations

((You can breathe wild blasts of lightning.))
((Your glossy black scales are hard. (AC +6)))
You cannot fit into any form of body armour.
((You are resistant to electric shocks. (rElec)))
((You are cold-blooded and may be slowed by cold attacks.))


Message History

You hit drh69's ghost.
Drh69's ghost is severely damaged.
Drh69's ghost gestures at you while chanting.
The blast of sand hits you.
* * * LOW HITPOINT WARNING * * *
You hit drh69's ghost but do no damage.
Drh69's ghost is severely damaged.
Drh69's ghost barely misses you.
You barely miss drh69's ghost.
Drh69's ghost is severely damaged.
You barely miss drh69's ghost.
Drh69's ghost is severely damaged.
Drh69's ghost hits you!
* * * LOW HITPOINT WARNING * * *
The earth trembles for a moment.
Drh69's ghost casts a spell at you. The blast of sand misses you.
Drh69's ghost points at you and mumbles some strange words.
The blast of sand hits you!
You die...

#..# .# ####...
###[......
####.........# #......#
.#.######
.....<.##...$....#
.....#..#........#
........#........##
....###.........s.#
..#.###..########.#
.##.....##≈)≈≈≈≈†.## #
.......## #######W.##.#
.##W##.# #........#
.##.##.# #.#####..#
.##....# #.# ..#
.#####.#######.##.....#
.#####.#....†.....# .##


You could see drh69's ghost.

Vanquished Creatures
  Grinder (D:4)
  Sigmund (D:2)
  A bullfrog (D:4)
  3 hounds (D:4)
  A jelly (D:4)
  3 orc wizards (D:3)
  A gnoll shaman (D:4)
  2 iguanas (D:4)
  A worker ant (D:4)
  4 gnolls (D:4)
  5 adders
  An ooze (D:3)
  2 worms (D:2)
  5 dart slugs
  5 leopard geckos (D:3)
  6 orcs
  3 bats
  5 giant cockroaches
  10 goblins
  10 hobgoblins
  3 quokkas
  5 ball pythons
  15 frilled lizards
  8 kobolds
  9 rats
110 creatures vanquished.

Vanquished Creatures (collateral kills)
  An orc (D:3)
1 creature vanquished.

Grand Total: 111 creatures vanquished

Notes
Turn   | Place    | Note
-------+----------+-------------------------------------------
     0 | D:1      | Ashenai the Draconian Transmuter began the quest for the
                  | Orb.
     0 | D:1      | Reached XP level 1. HP: 16/16 MP: 3/3
   200 | D:1      | Reached XP level 2. HP: 23/23 MP: 3/5
   571 | D:1      | Learned a level 2 spell: Sticks to Snakes
   773 | D:1      | Reached XP level 3. HP: 24/28 MP: 4/6
  1172 | D:2      | Learned a level 3 spell: Spider Form
  1395 | D:2      | Noticed Sigmund
  1412 | D:2      | Killed Sigmund
  1412 | D:2      | Reached XP level 4. HP: 26/35 MP: 2/7
  1412 | D:2      | Reached XP level 5. HP: 29/40 MP: 2/8
  1924 | D:3      | Reached XP level 6. HP: 47/47 MP: 9/9
  2041 | D:3      | Reached skill level 4 in Unarmed Combat
  2259 | D:3      | Found a sparkling altar of Nemelex Xobeh.
  2397 | D:3      | Found a faded altar of an unknown god.
  2446 | D:3      | You fall through a shaft!
  2585 | D:4      | Reached skill level 5 in Unarmed Combat
  2585 | D:4      | Your scales start taking on a glossy black colour.
  2585 | D:4      | Reached XP level 7. HP: 44/52 MP: 6/10
  2585 | D:4      | Gained mutation: You are resistant to electric shocks.
                  | (rElec) [Black Draconian growth]
  2604 | D:4      | Noticed Grinder
  2620 | D:4      | Paralysed by Grinder for 6 turns
  2623 | D:4      | Killed Grinder
  2632 | D:4      | Reached skill level 6 in Unarmed Combat
  3443 | D:4      | Found a runed translucent door.
  3448 | D:4      | Noticed drh69's ghost (amateur GrEE)
  3541 | D:4      | Gained mutation: You tend to lose your temper in combat.
                  | [potion of mutation]
  3541 | D:4      | Lost mutation: You tend to lose your temper in combat.
                  | [potion of mutation]
  3550 | D:4      | HP: 2/56 [drh69's ghost (7)]
  3560 | D:4      | Killed from afar by drh69's ghost

Skill      XL: |  1  2  3  4  5  6  7 |
---------------+----------------------+-----
Dodging        | 2 3 |  3.9
Transmutations | 4 |  4.2
Poison Magic   | 2 |  2.5
Unarmed Combat | 5 6 |  6.6
Fighting       | 2 |  2.5
Spellcasting   | |  2.3

Action                   |  1- 3 |  4- 6 |  7- 9 || total
-------------------------+-------+-------+-------++-------
Melee: Unarmed           |   121 |   171 |    72 ||   364
       Tailslap          |     9 |    17 |       ||    26
       Kick              |     6 |       |       ||     6
       Headbutt          |     8 |       |       ||     8
Throw: Stone             |     5 |     1 |       ||     6
 Cast: Beastly Appendage |    14 |       |       ||    14
       Spider Form       |     2 |    11 |     8 ||    21
       Sticks to Snakes  |     1 |     3 |     3 ||     7
 Abil: Breathe Lightning |       |       |     1 ||     1
  Use: Potion            |       |     2 |     2 ||     4
       Scroll            |       |       |     1 ||     1
 Stab: Sleeping          |       |     1 |       ||     1
  Eat: Chunk             |     2 |     6 |     3 ||    11
Armor: Skin              |    31 |    45 |    10 ||    86
Dodge: Dodged            |    65 |   159 |    69 ||   293
